 Dungeon Crawl Stone Soup version 0.24-a0-582-g4d4af813a0 (webtiles) character file.

Game seed: 4376518637242321088

84 Mame the Chopper (level 4, -9/40 HPs)
             Began as a Hill Orc Fighter on Aug 26, 2019.
             Mangled by Crazy Yiuf
             ... wielding a +4 quarterstaff of chaos
              (11 damage)
             ... on level 2 of the Dungeon.
             The game lasted 00:04:09 (1438 turns).

Mame the Chopper (Hill Orc Fighter)                 Turns: 1438, Time: 00:04:10

Health: -9/40      AC:  6    Str: 19    XL:     4   Next: 46%
Magic:  4/4        EV:  9    Int:  8    God:
Gold:   106        SH:  0    Dex: 10    Spells: 3/3 levels left

rFire    . . .     SeeInvis .   a - +0 war axe
rCold    . . .     Gourm    .   k - +0 buckler
rNeg     . . .     Faith    .   b - +0 scale mail
rPois    .         Spirit   .   (no helmet)
rElec    .         Reflect  .   (no cloak)
rCorr    .         Harm     .   (no gloves)
MR       .....                  (no boots)
Stlth    ..........             (no amulet)
HPRegen  0.13/turn              (no ring)
MPRegen  0.09/turn              (no ring)

@: confused
A: no striking features
a: no special abilities


You were on level 2 of the Dungeon.
You were not hungry.

You visited 1 branch of the dungeon, and saw 2 of its levels.

You collected 106 gold pieces.

Inventory:

Hand Weapons
 a - a +0 war axe (weapon)
 q - a +2 vampiric short sword
Armour
 b - a +0 scale mail (worn)
 c - a +0 shield
 k - a +0 buckler (worn)
Scrolls
 h - 3 scrolls of magic mapping {unknown}
 j - 2 scrolls of identify {unknown}
 l - a scroll of blinking {unknown}
 n - a scroll of remove curse {unknown}
 o - a scroll of immolation {unknown}
Potions
 d - a potion of might
 e - a potion of agility {unknown}
 g - 3 potions of curing {unknown}
 i - a potion of mutation {unknown}
 m - a potion of brilliance {unknown}
Comestibles
 f - 3 rations
 p - 3 chunks of flesh


   Skills:
 - Level 3.8 Fighting
 * Level 5.5 Axes
 - Level 3.5 Armour
 - Level 3.4 Shields


You had 3 spell levels left.
You didn't know any spells.
Your spell library was empty.

Dungeon Overview and Level Annotations

Branches:
Dungeon (2/15)

Altars:

Annotations:
D:2 Crazy Yiuf


Message History

You hit Crazy Yiuf.
Crazy Yiuf is lightly wounded.
Crazy Yiuf whimpers, "Dawk forty-two high!"
Crazy Yiuf hits you with a +4 quarterstaff of chaos!
You are electrocuted!
You slash Crazy Yiuf!
Crazy Yiuf is heavily wounded.
Crazy Yiuf laughs, "Mountain!
Shadow sallow snail."
Crazy Yiuf hits you but does no damage.
Crazy Yiuf hits you with a +4 quarterstaff of chaos!
* * * LOW HITPOINT WARNING * * *
You barely miss Crazy Yiuf.
Crazy Yiuf is heavily wounded.
Crazy Yiuf hits you with a +4 quarterstaff of chaos!
* * * LOW HITPOINT WARNING * * *
You are confused.
You slash Crazy Yiuf!
Crazy Yiuf is almost dead.
Crazy Yiuf hits you with a +4 quarterstaff of chaos!
You die...

#####....###....#
#....# #....#
♣....♣ #....#
♣♣.♣.♣ ######
♣♣.♣♣ ♣♣.♣ ♣.♣♣
♣♣.♣ ♣@♣♣ #g# ...
#...# #)..# #####


You could see Crazy Yiuf.

Vanquished Creatures
  3 adders (D:2)
  An ooze (D:2)
  A worm (D:2)
  A dart slug (D:2)
  A leopard gecko (D:1)
  2 ball pythons
  A giant cockroach (D:1)
  10 goblins
  7 hobgoblins
  2 jackals (D:2)
  7 kobolds
  A quokka (D:2)
  2 bats
  A frilled lizard (D:1)
  6 rats
46 creatures vanquished.

Notes
Turn   | Place    | Note
-------+----------+-------------------------------------------
     0 | D:1      | Mame the Hill Orc Fighter began the quest for the Orb.
     0 | D:1      | Reached XP level 1. HP: 19/19 MP: 1/1
   255 | D:1      | Reached XP level 2. HP: 27/27 MP: 2/2
   373 | D:1      | Reached skill level 3 in Axes
   557 | D:1      | Reached XP level 3. HP: 33/33 MP: 3/3
   597 | D:1      | Reached skill level 4 in Axes
   945 | D:2      | Reached XP level 4. HP: 24/40 MP: 4/4
   950 | D:2      | Reached skill level 5 in Axes
  1193 | D:2      | Found a runed translucent door.
  1194 | D:2      | Noticed Crazy Yiuf
  1437 | D:2      | HP: 2/40 [Crazy Yiuf/+4 quarterstaff of chaos (7)]
  1438 | D:2      | Mangled by Crazy Yiuf

Levels and vault maps discovered:
D:1:      wander_arrival_abandoned_jail, layout_basic, serial_park_tiny_pond,
          st_stairs_9
D:2:      layout_rooms, st_stairs_3, uniq_crazy_yiuf_cottage

Skill      XL: |  1  2  3  4 |
---------------+-------------+-----
Axes           | 3 4 5 |  5.5
Fighting       | |  3.8
Armour         | |  3.5
Shields        | |  3.4

Action                   |  1- 3 |  4- 6 || total
-------------------------+-------+-------++-------
Melee: War axe           |    82 |    41 ||   123
  Eat: Chunk             |       |     2 ||     2
Armor: Scale mail        |    34 |    11 ||    45
Dodge: Dodged            |    46 |    15 ||    61
Block: Shield            |    11 |       ||    11
       Buckler           |    14 |     6 ||    20

Table legend:
 A = Non-vault XP
 B = Vault XP
 C = Vault XP percentage of total XP
 D = Non-vault monster count
 E = Vault monster count
 F = Vault count percentage of total count
                 A         B        C        D         E       F
            +---------+---------+-------+---------+---------+-------
      Total |     109 |      12 |   9.9 |      41 |       5 |  10.9
            +---------+---------+-------+---------+---------+-------
        D:1 |      34 |       6 |  15.0 |      20 |       3 |  13.0
        D:2 |      75 |       6 |   7.4 |      21 |       2 |   8.7
            +---------+---------+-------+---------+---------+-------
